AoeStats
← [DIV33] Oficial Durruti.

Arabia

503201170Analyzed
1v1 RM · 3mo ago on Aug 30, 2026· 53m 38s· 2 players
Game mode
Random Map
Map size
Tiny (2 player)
Population
200
Speed
Normal
Resources
Standard
Victory
Conquest
Starting age
Dark Age
Ending age
Imperial Age
RankedLock teamsTeams togetherTeam positionsShared explorationLock speedFull tech treeHidden civsTurbo modeCheats
Victory
Defeat
🇫🇮 Maya · Finland
945
+16
vs
🇨🇴 Chinese · Colombia
939
-16
[DIV33] Oficial Durruti.
0:33 Loom
9:52 Feudal Age
11:21 Double-Bit Axe
15:40 Wheelbarrow
19:48 Castle Age
17:35 Horse Collar
18:07 Fletching
19:44 Bloodlines
24:08 Bodkin Arrow
28:16 Bow Saw
30:48 Imperial Age
28:24 Padded Archer Armor
29:43 Wheelbarrow
33:02 Cavalier
35:03 Scale Barding Armor
34:59 Bracer
41:14 Chain Barding Armor
41:05 Forging
44:51 Iron Casting
49:24 Plate Barding Armor
49:50 Blast Furnace
ponzi
0:25 Loom
10:37 Feudal Age
11:01 Horse Collar
11:08 Double-Bit Axe
19:19 Castle Age
18:31 Gold Mining
18:33 Stone Mining
19:59 Heavy Plow
20:11 Bow Saw
23:26 Crossbowman
25:12 Wheelbarrow
24:36 Elite Skirmisher
27:57 Hand Cart
27:58 Fletching
28:34 Bodkin Arrow
30:50 Padded Archer Armor
33:17 Leather Archer Armor
35:57 Imperial Age
34:20 Hul'che Javelineers
35:32 Thumb Ring
36:58 Bracer
38:07 Ring Archer Armor
38:49 Chemistry
42:16 Arbalester
46:38 Conscription
46:20 Pikeman
47:01 Squires
48:16 Forging
48:06 Scale Mail Armor
47:42 Halberdier
50:06 Iron Casting
Connection lost

Rejoining the realm…

Still unreachable

The connection could not be restored.

Session expired

The server has moved on; the page needs a fresh start.